 Dungeon Crawl Stone Soup version 0.17-a0-2109-g117576f (webtiles) character file.

4071 M4edhros the Covert (level 10, 0/68 HPs)
             Began as an Octopode Artificer on Oct 19, 2015.
             Was an Initiate of Gozag.
             Slain by an orc wizard
             ... wielding a cursed -3 dagger
              (2 damage)
             ... on level 7 of the Dungeon.
             The game lasted 00:17:17 (10192 turns).

M4edhros the Covert (Octopode Artificer)           Turns: 10192, Time: 00:17:17

Health: 0/68       AC:  1    Str: 14    XL:     10   Next: 25%
Magic:  15/15      EV: 15    Int: 14    God:    Gozag
Gold:   740        SH:  0    Dex: 15    Spells: 0 memorised, 9 levels left

rFire  x . .     SeeInvis .     s - +1 rapier (venom)
rCold  + . .     Clarity  .     (no shield)
rNeg   . . .     SustAt   +     (helmet restricted)
rPois  .         Gourm    .     (no amulet)
rElec  .         Spirit   .     g - ring of wizardry
rCorr  .         Warding  .     l - ring of sustain attributes
rMut   .         Stasis   .     o - ring of ice
MR     .....                    (no ring)
Stlth  ++++++....               (no ring)
                                (no ring)
                                (no ring)
                                (no ring)

@: not resistant to hostile enchantments, very stealthy
A: almost no armour, amphibious, 8 rings, constrict 8, camouflage 1, strong 1,
gelatinous body 1
a: Potion Petition, Call Merchant, Bribe Branch, Renounce Religion


You were on level 7 of the Dungeon.
You worshipped Gozag.
Gozag was noncommittal.
You were not hungry.

You visited 2 branches of the dungeon, and saw 8 of its levels.
You also visited: Sewer.

You collected 859 gold pieces.
You paid 119 gold pieces to Gozag.

Inventory:

Hand Weapons
 a - a +0 short sword
 h - a +0 hunting sling
 s - a +1 rapier of venom (weapon)
Missiles
 q - 38 sling bullets
Jewellery
 g - a ring of wizardry (left tentacle)
 l - a ring of sustain attributes (right tentacle)
 o - a ring of ice (on tentacle)
 y - an uncursed amulet of resist mutation
Wands
 b - a wand of flame (0)
 c - a wand of enslavement (5)
 d - a wand of random effects (0)
 x - a wand of flame (14)
 A - a wand of paralysis (0)
 H - a wand of frost (5)
 I - a wand of frost (16)
Scrolls
 i - 2 scrolls of remove curse
 j - 2 scrolls of recharging
 k - a scroll of teleportation
 n - 2 scrolls of noise {unknown}
 p - 4 scrolls of random uselessness
 z - 2 scrolls of enchant weapon {unknown}
 B - 3 scrolls of identify
 D - 2 scrolls of enchant armour {unknown}
 E - a scroll of magic mapping {unknown}
 F - a scroll of immolation {unknown}
 G - a scroll of blinking {unknown}
 K - a scroll of fog {unknown}
Potions
 m - 2 potions of degeneration {unknown}
 r - 2 potions of ambrosia {unknown}
 v - a potion of agility {unknown}
 w - a potion of heal wounds {unknown}
 C - 4 potions of curing
 J - 2 potions of invisibility
Books
 t - a book of Fire

   Spells                             Type                      Level
   a - Ignite Poison                  Fire/Transmutation/Poison    3
   b - Fireball                       Conjuration/Fire             5
   c - Bolt of Fire                   Conjuration/Fire             6
   d - Delayed Fireball               Conjuration/Fire             7
   e - Ring of Flames                 Charms/Fire                  7
Comestibles
 e - 5 bread rations
 u - 5 fruits


   Skills:
 + Level 5.8 Fighting
 - Level 1.0 Short Blades
 * Level 6.8 Slings
 + Level 6.1 Dodging
 * Level 11.3 Stealth
 + Level 6.9 Evocations


You had 9 spell levels left.
You didn't know any spells.

Dungeon Overview and Level Annotations

Branches:
Dungeon (7/15)             Temple (1/1) D:7

Altars:
Ashenzari
Cheibriados
Dithmenos
Elyvilon
Fedhas
Gozag
Kikubaaqudgha
Makhleb
Nemelex Xobeh
Okawaru
Qazlal
Ru
Sif Muna
Trog
Vehumet
Xom
Yredelemnul
Zin
The Shining One


Innate Abilities, Weirdness & Mutations

You cannot wear most types of armour.
You are amphibious.
You can wear up to eight rings at the same time.
You can use your tentacles to constrict eight enemies at once.
Your skin changes colour to match your surroundings (Stealth).
Your rubbery body absorbs attacks (AC +1).
Your muscles are strong. (Str +2)


Message History

The orc priest calls down the wrath of Beogh upon you.
Something smites you!
* * * LOW HITPOINT WARNING * * *
The orc wizard misses you.
Drink which item? (? for menu, Esc to quit)
You feel better.
You constrict the orc priest. The orc priest misses you.
The orc wizard hits you with an enchanted dagger.
* * * LOW HITPOINT WARNING * * *
The orc throws a stone.
The stone hits you but does no damage.
You puncture the orc wizard!
The orc wizard is poisoned.
Your grab misses the orc wizard. Your squeeze misses the orc wizard.
The orc wizard is heavily wounded.
You constrict the orc priest. The killer bee stings you.
* * * LOW HITPOINT WARNING * * *
The orc priest mumbles some strange prayers to Beogh against you.
Pain shoots through your body!
* * * LOW HITPOINT WARNING * * *
The orc wizard hits you with an enchanted dagger.
You die...
Your body crumbles into a pile of gold.

................. ..... ..
##..##...#.##... .. ....#.#. #
#..........!.....#..#..#.#. #
#..##...#.##.#......... ###
#..##...#.##.#.#.#..#.. ...
##...................... .#..####
.................o....... .......
##..##...#.##.#o#y....... #..#.##
##..............@o......# #..#.##
(.(......#......(....#..###..#.##
##...#..##.##..(#....#...........
##..............#.......# #......
#....#..##.###..#....##.####.....
#....#..##.###..#...........##.##
#..........................[.....
.......p....................(....
.....................#.###..##.##


You could see a killer bee, an orc priest, an orc wizard and an orc.

Vanquished Creatures
  Pikel (D:7)
  Grinder (D:3)
  Sigmund (D:3)
  Eustachio (D:6)
  A hippogriff (D:6)
  A hog (D:5)
  Duvessa (D:7)
  Purgy (Sewer)
  An ice beast (D:7)
  2 slaves (D:7)
  2 sky beasts
  4 orc warriors
  2 ogres
  4 centaurs (D:7)
  2 killer bees (D:7)
  3 giant frogs (D:7)
  Dowan (D:7)
  3 scorpions
  3 crimson imps
  A wasp zombie (D:7)
  A hound (D:6)
  2 orc priests (D:7)
  6 orc wizards
  4 worker ants
  3 iguanas
  A hound zombie (D:6)
  4 hound skeletons
  Robin (D:2)
  8 adders
  8 gnolls
  A shadow imp (D:6)
  An ooze (D:2)
  An adder zombie (D:6)
  4 worms
  2 adder skeletons
  16 orcs
  A ball python (D:2)
  11 bats
  9 giant cockroaches
  2 hobgoblins (D:2)
  18 jackals
  8 kobolds
  2 quokkas
  2 giant geckos
  3 giant newts
  17 goblins
  3 rats (D:1)
175 creatures vanquished.

Vanquished Creatures (collateral kills)
  3 jackals
  2 goblins (D:2)
5 creatures vanquished.

Vanquished Creatures (others)
  2 slaves (D:7)
  A killer bee (D:7)
  A goblin (D:2)
4 creatures vanquished.

Grand Total: 184 creatures vanquished

Notes
Turn   | Place    | Note
--------------------------------------------------------------
     0 | D:1      | M4edhros the Octopode Artificer began the quest for the Orb.
     0 | D:1      | Reached XP level 1. HP: 13/13 MP: 3/3
    48 | D:1      | Reached XP level 2. HP: 9/18 MP: 4/4
   635 | D:2      | Reached XP level 3. HP: 15/23 MP: 5/5
   644 | D:2      | Noticed Robin
   674 | D:2      | Killed Robin
  1094 | D:3      | Found a glowing golden altar of the Shining One.
  1099 | D:3      | Found a glowing silver altar of Zin.
  1443 | D:4      | Found a glowing drain.
  1482 | D:4      | Reached XP level 4. HP: 19/29 MP: 6/6
  1484 | D:4      | Reached skill level 4 in Stealth
  1491 | Sewer    | Entered a sewer
  1660 | Sewer    | Noticed Purgy
  1697 | Sewer    | Killed Purgy
  1697 | Sewer    | Reached skill level 5 in Stealth
  1697 | Sewer    | Reached XP level 5. HP: 12/34 MP: 6/8
  1949 | D:4      | Reached XP level 6. HP: 30/41 MP: 9/9
  2279 | D:4      | Reached skill level 1 in Slings
  2839 | D:4      | Found a sparkling altar of Nemelex Xobeh.
  2944 | D:5      | Entered Level 5 of the Dungeon
  2996 | D:5      | Noticed a hog
  2996 | D:5      | an ogre changed into a hog
  3002 | D:5      | Killed a hog
  3002 | D:5      | Reached skill level 6 in Stealth
  3002 | D:5      | Reached XP level 7. HP: 20/46 MP: 10/10
  4019 | D:5      | Reached skill level 7 in Stealth
  4060 | D:5      | Found a glowing golden altar of the Shining One.
  4285 | D:5      | Reached XP level 8. HP: 51/54 MP: 11/11
  4516 | D:6      | Reached skill level 5 in Evocations
  4671 | D:6      | Found a deep blue altar of Sif Muna.
  4678 | D:6      | Reached skill level 8 in Stealth
  4735 | D:6      | Noticed Eustachio
  4742 | D:6      | Killed Eustachio
  5776 | D:7      | Found a staircase to the Ecumenical Temple.
  5776 | D:7      | Noticed Dowan
  5778 | D:7      | Noticed Duvessa
  5782 | D:7      | Killed Dowan
  5794 | D:7      | Noticed Pikel
  5851 | D:7      | Killed Duvessa
  5851 | D:7      | Reached skill level 9 in Stealth
  5851 | D:7      | Reached XP level 9. HP: 43/59 MP: 13/13
  5875 | Temple   | Entered the Ecumenical Temple
  6033 | Temple   | Became a worshipper of Gozag Ym Sagoz the Greedy
  6125 | D:6      | Reached skill level 5 in Slings
  6125 | D:6      | Reached skill level 5 in Dodging
  6265 | D:3      | Found a shimmering altar of Xom.
  6276 | D:3      | Noticed Grinder
  6288 | D:3      | Killed Grinder
  6509 | D:3      | Noticed Sigmund
  6521 | D:3      | Killed Sigmund
  7901 | D:6      | Reached skill level 5 in Fighting
  7956 | D:7      | Reached skill level 10 in Stealth
  9166 | D:7      | Killed Pikel
  9166 | D:7      | Reached XP level 10. HP: 27/66 MP: 14/14
  9198 | D:7      | Gained mutation: Your muscles are strong. (Str +2) [potion of beneficial mutation]
  9756 | D:7      | Reached skill level 11 in Stealth
 10192 | D:7      | HP: 2/68 [orc priest/nerve-wracking pain (14)]
 10192 | D:7      | Slain by an orc wizard

Vault maps used:
D:1:      ncdulo_smallfort
D:2:      uniq_robin
D:3:      minitemple, lemuel_doored_altar, kennysheep_doodads, kennysheep_boxes,
          uniq_grinder, uniq_sigmund
D:4:      first_bread, gup_sewer_entry_glass, nemelex_deck
D:5:      nicolae_tso_swordbearing_angel
D:6:      kennysheep_orc_sif_temple, kennysheep_generic_room_12, uniq_eustachio
D:7:      minmay_temple_entry_statues, uniq_duvessa, uniq_pikel
Temple:   nicolae_temple_elliptical
Sewer:    kennysheep_door_sewer

Action                   |  1- 3 |  4- 6 |  7- 9 | 10-12 || total
-------------------------+-------+-------+-------+-------++-------
Melee: Short sword       |    73 |    52 |    92 |       ||   217
       Rapier            |       |       |   178 |    40 ||   218
 Fire: Hunting sling     |       |    13 |       |       ||    13
Evoke: Wand              |    15 |     9 |    19 |    11 ||    54
  Use: Potion            |     1 |     3 |     3 |     4 ||    11
       Scroll            |       |       |     6 |     1 ||     7
 Stab: Sleeping          |     2 |     7 |    22 |     2 ||    33
       Distracted        |       |       |     3 |       ||     3
       Paralysed         |       |       |       |     2 ||     2
  Eat: Beef jerky        |       |     1 |     1 |       ||     2
       Chunk             |       |     4 |     5 |       ||     9
       Meat ration       |       |       |     3 |     1 ||     4
